cohdb
Replays
Latest Replays
All Replays
Popular Replays
Top Player Replays
Match Explorer
How It Works
Community
CoH3 Stats
Reddit
Sign in to upload your games and track your stats! →
Sign in with Steam
Match 21188028
Unlisted
Match 21188028
Overview
Messages
Build Orders
End
Selects Airborne Battlegroup
Selects Heavy Machine Gun Paradrop
Heavy Machine Gun Paradrop
Construct Barracks
Riflemen Squad
Riflemen Squad
Grenade Package
Riflemen Squad
Construct Medical Station
Construct Medical Station
Infantry Support Center
Selects Paratrooper Squad Paradrop
Paratrooper Squad Paradrop
Paratrooper Squad Paradrop
M1918 Browning Automatic Rifles
Construct Tank Depot
Heavy Machine Gun Paradrop
Selects Smoke Bombing Run
Selects Supply Drop
Paratrooper Squad Paradrop
M4A1 Sherman Medium Tank
M4A1 Sherman Medium Tank
Selects Carpet Bombing Run
Engineer Squad
DoubleDare
sheenhochul
Frost
Walther
0
0
Comments
sign in to comment!
No comments posted yet!